 Dungeon Crawl Stone Soup version 0.17.0-24-gcfadda4 (webtiles) character file.

8 Gorice the Magician (level 2, -1/21 HPs)
             Began as a Demonspawn Wanderer on Nov 17, 2015.
             Slain by a goblin (3 damage)
             ... on level 1 of the Dungeon.
             The game lasted 00:01:20 (243 turns).

Gorice the Magician (Demonspawn Wanderer)            Turns: 243, Time: 00:01:20

Health: -1/21      AC:  5    Str: 13    XL:     2   Next: 0%
Magic:  6/6        EV: 10    Int: 13    God:
Gold:   0          SH:  0    Dex: 11    Spells: 0 memorised, 7 levels left

rFire  . . .     SeeInvis .     d - +0 club
rCold  . . .     Clarity  .     c - +0 ring mail
rNeg   . . .     SustAt   .     (no shield)
rPois  .         Gourm    .     (no helmet)
rElec  .         Spirit   .     (no cloak)
rCorr  .         Warding  .     (no gloves)
rMut   .         Stasis   .     (no boots)
MR     .....                    (no amulet)
Stlth  ++........               (no ring)
                                (no ring)

@: not resistant to hostile enchantments, unstealthy
A: nightstalker 1
a: no special abilities


You were on level 1 of the Dungeon.
You were not hungry.

You visited 1 branch of the dungeon, and saw 1 of its levels.

Inventory:

Hand Weapons
 d - a +0 club (weapon)
Missiles
 g - 6 exploding sling bullets
Armour
 c - a +0 ring mail (worn)
Potions
 h - a potion of cure mutation {unknown}
Books
 a - a book of Frost
 b - the Grimoire of Displacement

   Spells                             Type                      Level
   a - Apportation                    Translocation                1
   b - Teleport Other                 Translocation                3
Comestibles
 e - a bread ration {!e}
 f - 9 chunks of flesh


   Skills:
 + Level 1.4 Fighting
 - Level 1.0 Throwing
 + Level 2.2 Armour
   Level 1.0 Shields
 - Level 3.0 Spellcasting
   Level 1.0 Translocations
   Level 1.0 Ice Magic


You had 7 spell levels left.
You didn't know any spells.

Dungeon Overview and Level Annotations

Branches:
Dungeon (1/15)

Altars:


Innate Abilities, Weirdness & Mutations

You are slightly more attuned to the shadows.


Message History

You butcher the goblin corpse.
f - 9 chunks of flesh (gained 3)
You see here a goblin skeleton.
Found a dagger.
h - a viscous inky potion You see here a dagger.
A giant cockroach comes into view.
Found a glowing sapphire potion.
A goblin comes into view.
The goblin shouts!
Found a stone staircase leading down.
The giant cockroach barely misses you.
Found a stone staircase leading down.
You hit the giant cockroach.
The giant cockroach is lightly wounded.
The giant cockroach bites you. The giant cockroach closely misses you.
Damage: 1 (max 1)
You barely miss the giant cockroach.
The giant cockroach is lightly wounded.
The giant cockroach barely misses you.
You hit the giant cockroach.
The giant cockroach is heavily wounded.
The giant cockroach bites you but does no damage.
The goblin closely misses you. The giant cockroach barely misses you.
You hit the giant cockroach but do no damage.
The giant cockroach is heavily wounded.
The goblin hits you.
* * * LOW HITPOINT WARNING * * *
The giant cockroach bites you but does no damage.
Damage: 4 (max 4) Unknown command.
The giant cockroach bites you.
* * * LOW HITPOINT WARNING * * *
Damage: 2 (max 4)
You are too injured to fight recklessly!
You are too injured to fight recklessly!
You are too injured to fight recklessly!
You are too injured to fight recklessly!
You are too injured to fight recklessly!
You are too injured to fight recklessly!
You hit the giant cockroach.
You kill the giant cockroach!
You have reached level 2!
Your demonic ancestry asserts itself...
You slip into the darkness of the dungeon.
You barely miss the goblin. The goblin barely misses you.
You hit the goblin.
The goblin is severely wounded.
The goblin hits you.
You die...

#.# #..... #...# #.# #.##.#
#...# #.# #.##.# ##...## #.#
#.##.# ##.....## ##.###.##.###
.......# #...........# .....#
..........#.## #.!.#
.............#######...#
#......#........@g...#>#
..........>..#######.# #
.#....#...#.#### #...
............##.. ..>.# .
..#..#......##.# ##### .#
........#.#.##.# ##### .#
...##.......##.####...######.##
........#.####.##...#.........#
..#รท.#....####....#####'''###.


You could see a goblin.

Vanquished Creatures
  A giant cockroach (D:1)
  2 goblins (D:1)
  3 bats (D:1)
  A giant newt (D:1)
  A rat (D:1)
8 creatures vanquished.

Notes
Turn   | Place    | Note
--------------------------------------------------------------
     0 | D:1      | Gorice the Demonspawn Wanderer began the quest for the Orb.
     0 | D:1      | Gorice set off with: a book of Frost, the Grimoire of Displacement, a +0 ring mail, a +0 club, a bread ration {!e}
     0 | D:1      | Reached XP level 1. HP: 15/15 MP: 4/4
     0 | D:1      | Identified the Grimoire of Displacement
    51 | D:1      | Reached skill level 2 in Armour
   236 | D:1      | HP: 3/15 [goblin (4)]
   237 | D:1      | HP: 1/15 [giant cockroach (2)]
   241 | D:1      | Gained mutation: You are slightly more attuned to the shadows. [demonic ancestry]
   241 | D:1      | Reached XP level 2. HP: 1/21 MP: 6/6
   243 | D:1      | Slain by a goblin

Action                   || total
-------------------------++-------
Melee: Club              ||    48

Table legend:
 A = Turns spent in this place as a percentage of turns spent in the entire game.
 B = Non-inter-level travel turns spent in this place as a percentage of non-inter-level travel turns spent in the entire game.
 C = Inter-level travel turns spent in this place as a percentage of turns spent in this place.
 D = Turns resting spent in this place as a percentage of non-inter-level travel turns spent in this place.
 E = Turns spent auto-exploring this place as a percentage of non-inter-level travel turns spent in this place.
 F = Non-inter-level travel turns spent in this place divided by the number of levels of this place that you've seen.
                   A       B       C       D       E      F
               +-------+-------+-------+-------+-------+----------------------
         Total | 100.0 | 100.0 |   0.0 |   0.0 |   2.5 | 160.0
       Dungeon | 100.0 | 100.0 |   0.0 |   0.0 |   2.5 | 160.0
               +-------+-------+-------+-------+-------+----------------------

Vault maps used:
D:1:      shiori_arrival_elements, minmay_misc_feat_more_columns
